 Dungeon Crawl Stone Soup version 0.30-a0-4-ga7cffc901d (webtiles) character file.

Game seed: 13670298952938997015

1397 Newt the Chopper (level 8, -17/60 HPs)
             Began as a Demonspawn Gladiator on Aug 18, 2022.
             Was an Initiate of Okawaru.
             Killed from afar by Maggie (18 damage)
             ... with a bolt of fire
             ... on level 6 of the Dungeon on Aug 20, 2022.
             The game lasted 00:10:45 (6311 turns).

Newt the Chopper (Demonspawn Gladiator)             Turns: 6311, Time: 00:10:47

Health: -17/60     AC: 12    Str: 16    XL:     8   Next: 41%
Magic:  8/8        EV:  6    Int: 10    God:    Okawaru [......]
Gold:   361        SH: 11    Dex: 15    Spells: 7/7 levels left

rFire   . . .      SeeInvis .    m - +0 war axe (vorpal)
rCold   . . .      Faith    .    l - +0 tower shield
rNeg    . . .      Spirit   .    t - +0 scale mail
rPois   .          Reflect  .    c - +1 helmet
rElec   .          Harm     .    (no cloak)
rCorr   .          Rampage  .    (no gloves)
Will    .....                    j - +0 pair of boots
Stlth   +.........               (no amulet)
HPRegen 0.20/turn                o - ring of flight
MPRegen 0.11/turn                (no ring)

@: mighty, flying, mesmerised
A: claws 2, molten scales 1, ignite blood 1, powered by pain 2
a: Renounce Religion


You were on level 6 of the Dungeon.
You worshipped Okawaru.
Okawaru was noncommittal.
You visited 2 branches of the dungeon, and saw 7 of its levels.

You collected 361 gold pieces.

Inventory:

Hand Weapons
 a - a +0 rapier
 f - a +2 short sword of venom
 m - a +0 vorpal war axe (weapon)
 n - a +1 dagger of speed
 u - a +4 spear of freezing
 A - a +2 dagger of venom
Missiles
 d - 2 throwing nets
 e - a javelin
 i - 56 stones
 q - 6 datura-tipped darts
 x - 6 atropa-tipped darts (quivered)
 D - 8 poisoned darts
Armour
 b - a +0 leather armour
 c - a +1 helmet (worn)
 j - a +0 pair of boots (worn)
 l - a +0 tower shield (worn)
 t - a +0 scale mail (worn)
Jewellery
 k - a ring of magical power
 o - a ring of flight (left claw)
 B - a ring of see invisible
Scrolls
 y - 3 scrolls of teleportation
 z - a scroll of summoning
 C - a scroll of identify
Potions
 g - a potion of mutation
 h - 5 potions of curing
 p - 4 potions of lignification
 r - a potion of invisibility {unknown}
 s - 2 potions of berserk rage {unknown}
 v - a potion of resistance {unknown}
 w - 2 potions of heal wounds {unknown}
 E - a potion of degeneration {unknown}


   Skills:
 - Level 4.0 Fighting
 - Level 4.0 Short Blades
 - Level 6.0 Axes
 - Level 4.0 Throwing
 + Level 3.7 Armour
 - Level 2.6 Dodging
 - Level 2.0 Stealth


You had 7 spell levels left.
You didn't know any spells.
Your spell library contained the following spells:

 Spells                   Type           Power      Damage    Failure   Level
 Gell's Gravitas          Tloc           0%         N/A       100%        3
 Teleport Other           Tloc           0%         N/A       100%        3
 Dispersal                Tloc           0%         N/A       100%        6


Dungeon Overview and Level Annotations

Branches:
Dungeon (6/15)             Temple (1/1) D:6

Altars:
Ashenzari
Cheibriados
Dithmenos
Fedhas
Hepliaklqana
Kikubaaqudgha
Makhleb
Nemelex Xobeh
Okawaru
Qazlal
Ru
Sif Muna
Trog
Uskayaw
Vehumet
Wu Jian
Xom
Yredelemnul

Shops:
D:2 :

Annotations:
D:6 Maggie


Innate Abilities, Weirdness & Mutations

You have very sharp fingernails.
You are partially covered in molten scales. (AC +2)
Your demonic aura sometimes causes spilled blood to erupt in flames.
You sometimes gain power by taking damage.


Message History

You hit Maggie.
Maggie is lightly wounded.
You hit the kobold brigand. You block Maggie's attack.
The kobold brigand hits you with a +0 whip.
Maggie hits you but does no damage.
The kobold brigand hits you but does no damage.
Unknown command.
You closely miss Maggie.
Maggie is lightly wounded.
You slash the kobold brigand! You block Maggie's attack.
The kobold brigand barely misses you.
Maggie gestures wildly while chanting.
Maggie attempts to bespell you! You resist with some effort.
You block the kobold brigand's attack.
You slash Maggie!
Maggie is moderately wounded.
You hit the kobold brigand.
Maggie is engulfed in blazing flames.
Maggie gestures wildly while chanting.
Maggie attempts to bespell you!
You are mesmerised by Maggie!
Maggie is engulfed in blazing flames.
You block Maggie's attack.
The kobold brigand hits you but does no damage.
Maggie is engulfed in blazing flames.
Maggie gestures at you while chanting. The bolt of fire hits you!
* * * LOW HITPOINT WARNING * * *
You barely miss Maggie.
Maggie is severely wounded.
You hit the kobold brigand.
Maggie is engulfed in blazing flames.
Maggie casts a spell at you. The bolt of fire hits you!
* * * LOW HITPOINT WARNING * * *
The kobold brigand barely misses you.
Maggie is engulfed in blazing flames.
You block Maggie's attack.
The kobold brigand hits you with a +0 whip.
* * * LOW HITPOINT WARNING * * *
Maggie is engulfed in blazing flames.
Maggie points at you and mumbles some strange words.
The bolt of fire hits you!!
You die...

..##.#.#
#8...8#
#.##.#.#
#.....#
.......#
#..>..#
......##
#.....#
.....##
#8...8#
.....#...
###.###
#.........
#...#
##........
#.8.#
#.........
#.K@#
......###.
##@##
....####
#K# #..##
#K. ....
... .#..
... .# ...
.# ... ##


You could see Maggie (mesmerising, fast), a kobold brigand and 2 kobolds.

Vanquished Creatures
  Menkaure (D:6)
  A water moccasin (D:6)
  3 black bears
  An ice beast (D:6)
  An ogre (D:4)
  A phantom (D:5)
  A gnoll sergeant (D:6)
  2 orc priests
  6 hounds
  3 orc wizards
  2 iguanas (D:6)
  6 adders
  4 gnolls
  A white imp (D:5)
  4 ufetubi
  2 worms
  3 dart slugs
  11 orcs
  4 ball pythons
  5 bats
  8 endoplasms
  3 giant cockroaches
  7 goblins
  4 hobgoblins (D:1)
  4 jackals
  13 kobolds
  3 quokkas
  5 frilled lizards
  5 rats
114 creatures vanquished.

Notes
Turn   | Place    | Note
-------+----------+-------------------------------------------
     0 | D:1      | Newt the Demonspawn Gladiator began the quest for the Orb.
     0 | D:1      | Reached XP level 1. HP: 16/16 MP: 1/1
   182 | D:1      | Reached skill level 1 in Stealth
   199 | D:1      | Gained mutation: You have sharp fingernails. [demonic
                  | ancestry]
   199 | D:1      | Reached XP level 2. HP: 22/22 MP: 2/2
   605 | D:1      | Gained mutation: You are partially covered in molten
                  | scales. (AC +2) [demonic ancestry]
   605 | D:1      | Reached XP level 3. HP: 26/28 MP: 3/3
  1019 | D:2      | Found Aleskugu's Book Shoppe.
  1101 | D:2      | Gained mutation: Your demonic aura sometimes causes spilled
                  | blood to erupt in flames. [demonic ancestry]
  1101 | D:2      | Reached XP level 4. HP: 12/37 MP: 4/4
  2045 | D:3      | Reached skill level 1 in Axes
  2592 | D:4      | Reached skill level 2 in Axes
  2592 | D:4      | Reached XP level 5. HP: 15/42 MP: 5/5
  3633 | D:4      | Noticed an ogre
  3644 | D:4      | Killed an ogre
  3645 | D:4      | Gained mutation: You sometimes gain a little power by
                  | taking damage. [demonic ancestry]
  3645 | D:4      | Reached XP level 6. HP: 36/48 MP: 6/6
  3878 | D:5      | Entered Level 5 of the Dungeon
  3901 | D:5      | Reached skill level 3 in Axes
  4602 | D:5      | Reached skill level 4 in Axes
  4715 | D:5      | Gained mutation: You sometimes gain power by taking damage.
                  | [demonic ancestry]
  4715 | D:5      | Reached XP level 7. HP: 47/54 MP: 7/7
  4780 | D:5      | Reached skill level 5 in Axes
  4958 | D:5      | Upgraded the game from 0.29-a0-1065-g47a6bb87d6 to
                  | 0.30-a0-4-ga7cffc901d
  4970 | D:6      | Noticed Menkaure
  5038 | D:6      | Reached skill level 6 in Axes
  5616 | D:6      | Killed Menkaure
  5617 | D:6      | Gained mutation: You have very sharp fingernails. [demonic
                  | ancestry]
  5617 | D:6      | Reached XP level 8. HP: 59/60 MP: 8/8
  5757 | D:6      | Reached skill level 1 in Armour
  6061 | D:6      | Found a staircase to the Ecumenical Temple.
  6071 | Temple   | Entered the Ecumenical Temple
  6270 | Temple   | Became a worshipper of Warmaster Okawaru
  6301 | D:6      | Noticed Maggie
  6311 | D:6      | HP: 1/60 [kobold brigand/+0 whip (4)]
  6311 | D:6      | Killed from afar by Maggie

Illustrated notes

Levels and vault maps discovered:
D:1:      amcnicky_arrival_choice, layout_loops_cross, grunt_decor_resistance
D:2:      layout_basic, serial_shops, shop_statue
D:3:      layout_rooms
D:4:      layout_basic
D:5:      layout_rooms
D:6:      layout_cave_pools, minmay_temple_entry_antechambers, uniq_maggie,
          uniq_menkaure
Temple:   minmay_crystal_snake_temple

Skill      XL: |  1  2  3  4  5  6  7  8 |
---------------+-------------------------+-----
Stealth        | 1 2 |  2.0
Fighting       | 3 4 |  4.0
Axes           | 2 4 6 |  6.0
Short Blades   | 4 |  4.0
Throwing       | 3 4 |  4.0
Armour         | 3 |  3.7
Dodging        | |  2.6

Action                   |  1- 3 |  4- 6 |  7- 9 || total
-------------------------+-------+-------+-------++-------
Melee: Rapier            |    56 |       |       ||    56
       Punch             |     1 |     1 |       ||     2
       War axe           |    61 |    26 |    84 ||   171
       Dagger            |       |   123 |       ||   123
       Short sword       |       |    83 |       ||    83
Throw: Throwing net      |     3 |     1 |       ||     4
       Dart              |       |     6 |       ||     6
  Use: Scroll            |     1 |     9 |     1 ||    11
       Potion            |     1 |     2 |       ||     3
 Stab: Sleeping          |    10 |     1 |       ||    11
       Held in net/web   |     1 |       |       ||     1
       Invisible         |       |     2 |       ||     2
Armor: Leather armour    |    56 |       |       ||    56
       Scale mail        |       |   107 |    68 ||   175
Dodge: Dodged            |    77 |   104 |    42 ||   223
Block: Tower shield      |       |       |    36 ||    36

Table legend: (Time is in decaauts)
 A = Elapsed time spent in this place.
 B = Non-inter-level travel time spent in this place.
 C = Inter-level travel time spent in this place.
 D = Time resting spent in this place.
 E = Time spent auto-exploring this place.
 F = Levels seen in this place.
 G = Mean time per level.
                   A        B        C        D        E       F      G
               +--------+--------+--------+--------+--------+-----+--------+
         Total |   6346 |   6129 |    217 |   1857 |   3143 |   7 |  906.6 |
       Dungeon |   6122 |   5960 |    162 |   1857 |   2994 |   6 | 1020.3 |
        Temple |    223 |    168 |     55 |      0 |    149 |   1 |  223.0 |
               +--------+--------+--------+--------+--------+-----+--------+

Top non-repeatable levels by time:
     D:4: 1808 daAuts
     D:5: 1270 daAuts
     D:1: 990 daAuts
     D:2: 908 daAuts
     D:6: 729 daAuts
     D:3: 415 daAuts
  Temple: 223 daAuts
